Match 39012776
Unlisted

Match 39012776
End
Construct Section Command Post
Selects Heavy Armor Battlegroup
Dingo Light Scout Car
Dingo Light Scout Car
Selects Rigorous Vehicle Training
Infantry Section
Construct Platoon Command Post
Humber Armored Car
Construct Company Command Post
Royal Engineer Section
Crusader II Medium Tank
Foot Guards Section
Crusader II Medium Tank
Royal Engineer Section
Selects Light Vehicle Withdraw and Refit
Selects Radio Net
Selects Designate Targets
Armored Vehicle Training
Designate Targets
Foot Guards Section
Crusader II Medium Tank
Radio Net
TieLien
Sheeb
ItsBrettos
vonAJ
✠ OG_Raw_44 ✠
mentoss
Tonani
Lyon
0
0

Comments sign in to comment!

No comments posted yet!